 Dungeon Crawl Stone Soup version 0.28-a0-2-g643f2454ad (webtiles) character file.

Game seed: 8044303027958260504

30 Sin92 the Skirmisher (level 3, 0/29 HPs)
             Began as a Demonspawn Fighter on July 22, 2021.
             Slain by an adder (4 damage)
             ... on level 2 of the Dungeon.
             The game lasted 00:01:09 (1141 turns).

Sin92 the Skirmisher (Demonspawn Fighter)           Turns: 1141, Time: 00:01:10

Health: 0/29       AC:  7    Str: 17    XL:     3   Next: 3%
Magic:  3/3        EV:  7    Int:  9    God:
Gold:   14         SH:  9    Dex: 12    Spells: 2/2 levels left

rFire   . . .      SeeInvis .   a - +0 war axe
rCold   . . .      Faith    .   c - +0 kite shield
rNeg    . . .      Spirit   .   b - +0 scale mail
rPois   .          Reflect  .   (helmet restricted)
rElec   .          Harm     .   e - scarf {repulsion}
rCorr   .          Rampage  .   (no gloves)
Will    .....                   h - +0 pair of boots
Stlth   ..........              (no amulet)
HPRegen 0.09/turn               (no ring)
MPRegen 0.08/turn               (no ring)

@: repel missiles
A: horns 1
a: no special abilities


You were on level 2 of the Dungeon.
You visited 1 branch of the dungeon, and saw 2 of its levels.

You collected 14 gold pieces.

Inventory:

Hand Weapons
 a - a +0 war axe (weapon)
Armour
 b - a +0 scale mail (worn)
 c - a +0 kite shield (worn)
 e - a scarf of repulsion (worn)
 h - a +0 pair of boots (worn)
Potions
 d - a potion of might
 f - a potion of ambrosia


   Skills:
 + Level 3.2 Fighting
 + Level 2.1 Axes
 + Level 2.9 Armour
 + Level 0.8 Dodging
 + Level 3.0 Shields


You had 2 spell levels left.
You didn't know any spells.
Your spell library contained the following spells:

 Spells                   Type           Power      Damage    Failure   Level
 Frozen Ramparts          Ice            0%         1d2       100%        3
 Ice Form                 Ice/Tmut       0%         N/A       100%        4
 Summon Ice Beast         Ice/Summ       0%         N/A       100%        4


Dungeon Overview and Level Annotations

Branches:
Dungeon (2/15)

Altars:


Innate Abilities, Weirdness & Mutations

You have a pair of small horns on your head.


Message History

* * * LOW HITPOINT WARNING * * *
Unknown command.
Unknown command.
It was a potion of ambrosia.
You are confused.
You feel invigorated. The adder barely misses you. The adder bites you.
* * * LOW HITPOINT WARNING * * *
You are lethally poisoned!
The adder poisons you!
You bump into the rock wall.
You feel sick. The adder bites you.
* * * LOW HITPOINT WARNING * * *
You miss the adder.
You feel less invigorated.
You feel less confused.
You feel sick. You block the adder's attack.
The adder bites you but does no damage.
You barely miss the adder.
You headbutt the adder, but do no damage.
You feel sick.
You are no longer poisoned.
The adder bites you but does no damage. You block the adder's attack.
Unknown command.
You miss the adder. You block the adder's attack. The adder bites you.
* * * LOW HITPOINT WARNING * * *
You hit the adder.
The adder is lightly wounded.
The adder bites you but does no damage. The adder barely misses you.
Unknown command.
You barely miss the adder.
The adder is lightly wounded.
The adder bites you but does no damage. x2; The adder closely misses you.
You barely miss the adder.
The adder is lightly wounded.
You block the adder's attack. The adder bites you but does no damage.
You barely miss the adder. You block the adder's attack. The adder bites you.
* * * LOW HITPOINT WARNING * * *
You closely miss the adder.
You headbutt the adder, but do no damage.
You block the adder's attack. The adder barely misses you.
You closely miss the adder. You block the adder's attack. The adder bites you.
You die...

### #<# #.#
#.# #.# #.#
#.# #.# #@#
#S#
##'######
#.......#
#..†....#
#.......#
..........#
#..........#
#..........#


You could see an adder.

Vanquished Creatures
  A dart slug (D:1)
  5 goblins (D:1)
  4 hobgoblins (D:1)
  3 jackals (D:2)
  2 kobolds (D:1)
  4 quokkas (D:1)
  A bat (D:1)
  2 frilled lizards (D:1)
  3 rats (D:1)
25 creatures vanquished.

Notes
Turn   | Place    | Note
-------+----------+-------------------------------------------
     0 | D:1      | Sin92 the Demonspawn Fighter began the quest for the Orb.
     0 | D:1      | Reached XP level 1. HP: 18/18 MP: 1/1
   251 | D:1      | Gained mutation: You have a pair of small horns on your
                  | head. [demonic ancestry]
   251 | D:1      | Reached XP level 2. HP: 21/24 MP: 2/2
  1125 | D:2      | Reached XP level 3. HP: 16/29 MP: 3/3
  1130 | D:2      | HP: 1/29 [adder (4)]
  1141 | D:2      | Slain by an adder

Illustrated notes

Levels and vault maps discovered:
D:1:      dpeg_arrival_simpleton_b, layout_basic
D:2:      layout_basic, chequers_serial_rivers_room_b, minmay_misc_feat_roman,
          uniq_terence, uniq_crazy_yiuf_cottage

Skill      XL: |  1  2  3 |
---------------+----------+-----
Axes           | 2 |  2.1
Shields        | 3 |  3.0
Fighting       | |  3.2
Armour         | |  2.9
Dodging        | |  0.8

Action                   || total
-------------------------++-------
Melee: War axe           ||    78
       Headbutt          ||     7
  Use: Scroll            ||     1
       Potion            ||     1
Armor: Scale mail        ||    50
Dodge: Dodged            ||    25
       Repelled          ||     2
Block: Kite shield       ||    44

Table legend: (Time is in decaauts)
 A = Elapsed time spent in this place.
 B = Non-inter-level travel time spent in this place.
 C = Inter-level travel time spent in this place.
 D = Time resting spent in this place.
 E = Time spent auto-exploring this place.
 F = Levels seen in this place.
 G = Mean time per level.
                   A        B        C        D        E       F      G
               +--------+--------+--------+--------+--------+-----+--------+
         Total |   1190 |   1102 |     88 |      0 |    869 |   2 |  595.0 |
       Dungeon |   1190 |   1102 |     88 |      0 |    869 |   2 |  595.0 |
               +--------+--------+--------+--------+--------+-----+--------+

Top non-repeatable levels by time:
     D:1: 1149 daAuts
     D:2: 41 daAuts
